 Dungeon Crawl Stone Soup version 0.17-a0-1382-gc46a074 (webtiles) character file.

442 ololoev the Slasher (level 6, -2/47 HPs)
             Began as a Mummy Chaos Knight on June 15, 2015.
             Slain by an orc
             ... wielding a +0 war axe
              (6 damage)
             ... on level 5 of the Dungeon.
             The game lasted 00:08:08 (3712 turns).

ololoev the Slasher (Mummy Chaos Knight)            Turns: 3712, Time: 00:08:08

Health: -2/47      AC:  7    Str: 18    XL:     6   Next: 71%
Magic:  6/6        EV:  6    Int: 11    God:    Xom [.*....]
Gold:   247        SH:  0    Dex: 11    Spells: 1 memorised, 2 levels left

rFire  . . .     SeeInvis .     a - +0 falchion (chaos)
rCold  . . .     Clarity  .     b - +2 leather armour
rNeg   + + +     SustAt   .     (no shield)
rPois  ∞         Gourm    .     (no helmet)
rElec  .         Spirit   .     l - +0 cloak
rCorr  .         Warding  .     k - +0 pair of gloves
rMut   +         Stasis   .     (no boots)
MR     .....                    e - amulet of resist mutation
Stlth  +.........               g - ring of wizardry
                                c - ring of fire

@: not resistant to hostile enchantments, very unstealthy
A: no food or potions, fire vulnerability, cold resistance 1, negative energy
resistance 3, torment resistance, unbreathing
a: Renounce Religion


Innate Abilities, Weirdness & Mutations

You do not eat or drink.
Your flesh is vulnerable to fire.
You are immune to poison.
Your flesh is cold resistant.
You are immune to negative energy.
You are immune to unholy pain and torment.
You can survive without breathing.

Inventory:

Hand weapons
 a - a +0 falchion of chaos (weapon)
Armour
 b - a +2 leather armour (worn)
 j - a +2 shield of positive energy
 k - a +0 pair of gloves (worn)
 l - a +0 cloak (worn)
Jewellery
 c - a ring of fire (left hand)
 e - an amulet of resist mutation (around neck)
 g - a ring of wizardry (right hand)
Magical devices
 r - a wand of cold (8)
Scrolls
 d - a scroll of teleportation
 f - a scroll of enchant armour {unknown}
 h - a scroll of noise {unknown}
 i - a scroll of amnesia
 m - a scroll of magic mapping
 n - 2 scrolls of fog
 o - 2 scrolls of recharging
 q - a scroll of immolation {unknown}
Books
 p - a book of Maledictions

   Spells                             Type                      Level
   a - Corona                         Hexes                        1
   b - Ensorcelled Hibernation        Hexes/Ice                    2
   c - Confuse                        Hexes                        3
   d - Tukima's Dance                 Hexes                        3
   e - Dazzling Spray                 Conjuration/Hexes            3


   Skills:
 - Level 3.0 Fighting
 + Level 5.0 Long Blades
 - Level 3.1 Armour
 - Level 0.7 Dodging
 - Level 1.7 Shields
 + Level 1.4 Hexes


You had 2 spell levels left.
You knew the following spells:

 Your Spells              Type           Power        Failure   Level  Hunger
a - Confuse               Hex            #.......     47%         3    N/A


You were on level 5 of the Dungeon.
You worshipped Xom.
You were a plaything of Xom.
You were not hungry.

You visited 1 branch of the dungeon, and saw 5 of its levels.

You collected 247 gold pieces.

############
...........
#........#
#........#
#........#
#.....%..#
#........#
#####........#
........@oo†.?#
.#####....))......
###.#.##.....
#.#.# #### #.#.#
#.#.# #.#.# ..#.#

Notes
Turn   | Place    | Note
--------------------------------------------------------------
     0 | D:1      | ololoev the Mummy Chaos Knight began the quest for the Orb.
     0 | D:1      | Reached XP level 1. HP: 18/18 MP: 1/1
   135 | D:1      | Reached XP level 2. HP: 20/24 MP: 2/2
   863 | D:2      | Reached XP level 3. HP: 27/29 MP: 3/3
   904 | D:2      | XOM: harmless Divn miscast
   919 | D:2      | Noticed Terence
   933 | D:2      | Killed Terence
  1143 | D:2      | Found a faded altar to an unknown god.
  1210 | D:2      | XOM: harmless Conj miscast
  1247 | D:2      | Reached XP level 4. HP: 24/35 MP: 4/4
  1419 | D:2      | XOM: silly message
  1646 | D:2      | XOM: silly message
  1692 | D:2      | Noticed Ijyb
  1813 | D:2      | XOM: divination: detect creatures
  1831 | D:3      | XOM: noise
  1833 | D:3      | XOM: divination: detect creatures
  1838 | D:2      | XOM: harmless Divn miscast
  2025 | D:3      | XOM: harmless Chrm miscast
  2062 | D:3      | XOM: summons 2 friendly demons
  2069 | D:3      | Reached skill level 1 in Shields
  2069 | D:3      | Reached XP level 5. HP: 18/41 MP: 5/5
  2075 | D:3      | Reached skill level 4 in Long Blades
  2103 | D:3      | XOM: mild Chrm miscast
  2321 | D:3      | XOM: silly message
  2868 | D:4      | Reached XP level 6. HP: 25/47 MP: 6/6
  3020 | D:4      | Found a staircase to the Ecumenical Temple.
  3098 | D:4      | Learned a level 3 spell: Confuse
  3135 | D:4      | Got a transparent copper ring
  3137 | D:4      | Identified the ring of Lugrer {+Blink rN++ Str-2 Stlth+} (You found it on level 4 of the Dungeon)
  3233 | D:4      | Found a basalt altar of Yredelemnul.
  3253 | D:4      | Found a radiant altar of Vehumet.
  3434 | D:4      | XOM: harmless Pois miscast
  3616 | D:4      | XOM: medium Necr miscast
  3678 | D:5      | Entered Level 5 of the Dungeon
  3681 | D:5      | Reached skill level 1 in Hexes
  3693 | D:5      | XOM: chaos cloud
  3701 | D:5      | Reached skill level 5 in Long Blades
  3712 | D:5      | Slain by an orc

Dungeon Overview and Level Annotations

Branches:
Dungeon (5/15)             Temple (0/1) D:4

Altars:
Vehumet
Yredelemnul

Annotations:
D:2 Ijyb
D:4 exclusion: 2 doors


Message History

You are too injured to fight recklessly!
You are too injured to fight recklessly!
You are too injured to fight recklessly!
You are too injured to fight recklessly!
You are too injured to fight recklessly!
You are too injured to fight recklessly!
You are too injured to fight recklessly!
You are too injured to fight recklessly!
You are too injured to fight recklessly!
You are too injured to fight recklessly!
You are too injured to fight recklessly!
You are too injured to fight recklessly!
You are too injured to fight recklessly!
You are too injured to fight recklessly!
You are too injured to fight recklessly!
You are too injured to fight recklessly!
You are too injured to fight recklessly!
You are too injured to fight recklessly!
You are too injured to fight recklessly!
You are too injured to fight recklessly!
Unknown command.
You hit the orc.
You kill the orc!
The orc misses you. The orc closely misses you.
You hit the orc. You burn the orc.
The orc is severely wounded.
The orc misses you. The orc hits you with a war axe.
You barely miss the orc.
The orc is severely wounded.
The orc closely misses you.
You barely miss the orc.
The orc is severely wounded.
The orc closely misses you. The orc hits you but does no damage.
You barely miss the orc.
The orc is severely wounded.
The orc hits you with a war axe.
The orc hits you from afar with a trident.
There is a stone staircase leading up here.
The orc hits you with a war axe.
You die...

You could see 2 orcs.

Vanquished Creatures
  A hound (D:5)
  An orc wizard (D:3)
  An orc priest (D:3)
  A jelly (D:5)
  4 worker ants (D:4)
  Terence (D:2)
  4 adders
  An ooze (D:1)
  An adder zombie (D:5)
  8 worms
  2 giant geckos
  6 orcs
  2 giant cockroaches
  12 hobgoblins
  8 jackals
  11 kobolds
  2 quokkas
  7 bats
  2 giant newts (D:3)
  5 goblins
  5 rats
85 creatures vanquished.

Vanquished Creatures (collateral kills)
  An orc wizard (D:3)
  An orc priest (D:3)
  A worker ant (D:3)
  2 orcs (D:3)
5 creatures vanquished.

Grand Total: 90 creatures vanquished

Action                   |  1- 3 |  4- 6 || total
-------------------------+-------+-------++-------
Melee: Falchion          |   103 |   204 ||   307
  Use: Scroll            |       |     9 ||     9
 Stab: Paralysed         |     7 |     3 ||    10
       Confused          |       |     1 ||     1

Vault maps used:
D:1:      minmay_arrival_diagonal_passages
D:2:      first_bread, ecumenical_altar_1, uniq_terence, uniq_iyjb
D:4:      minmay_goblin_kobold_castle, lemuel_doored_altar,
          overflow_temple_1_default, temple_fountains
D:5:      good_gods_mini_temple, nicolae_overflow_hidden_temple
